 Dungeon Crawl Stone Soup version 0.31-a0-841-g038b102fc3 (webtiles) character file.

Game seed: 5885146515546163257

3 Kurtz the Shield-Bearer (level 1, -2/16 HPs)
             Began as an Octopode Fighter on Sept 27, 2023.
             Slain by a quokka (4 damage)
             ... on level 1 of the Dungeon.
             The game lasted 00:00:04 (34 turns).

Kurtz the Shield-Bearer (Octopode Fighter)            Turns: 34, Time: 00:00:05

Health: -2/16      AC:  1    Str: 15    XL:     1   Next: 50%
Magic:  1/1        EV: 13    Int: 10    God:
Gold:   0          SH:  4    Dex: 11    Spells: 0/0 levels left

rFire   . . .        a - +0 war axe
rCold   . . .        b - +0 buckler
rNeg    . . .        (helmet restricted)
rPois   .            (no amulet)
rElec   .            (no ring)
rCorr   .            (no ring)
SInv    .            (no ring)
Will    .....        (no ring)
Stlth   ++           (no ring)
HPRegen 0.22/turn    (no ring)
MPRegen 0.07/turn    (no ring)
                     (no ring)

%: no passive effects
@: no status effects
A: almost no armour, amphibious, 8 rings, camouflage 1, gelatinous body 1,
(nimble swimmer 1), tentacles
a: no special abilities


You were on level 1 of the Dungeon.
You visited 1 branch of the dungeon, and saw 1 of its levels.

Inventory:

Hand Weapons
 a - a +0 war axe (weapon)
Armour
 b - a +0 buckler (worn)
Scrolls
 d - a scroll of torment {unknown}
 e - 2 scrolls of identify {unknown}
Potions
 c - a potion of might
 f - a potion of heal wounds {unknown}


   Skills:
 - Level 3.0 Fighting
 * Level 2.3 Axes
 - Level 3.0 Dodging
 - Level 3.0 Shields


You couldn't memorise any spells.
You didn't know any spells.
Your spell library was empty.

Dungeon Overview and Level Annotations

Branches:
Dungeon (1/15)

Altars:


Innate Abilities, Weirdness & Mutations

You cannot wear most types of armour.
You are amphibious.
You can wear up to eight rings at the same time.
Your skin changes colour to match your surroundings (Stealth+).
Your rubbery body absorbs attacks. (AC +1, EV +1)
((You are camouflaged when in or above water. (Stealth+)))
You have tentacles for arms and can constrict up to eight enemies at once.


Message History

Unknown command.
You barely miss the frilled lizard. You grab the frilled lizard.
The frilled lizard is heavily wounded.
You hit the goblin.
You kill the goblin!
You slash the giant cockroach!
You kill the giant cockroach!
You constrict the frilled lizard.
You kill the frilled lizard!
The quokka misses you.
There are monsters nearby!
You hit the endoplasm.
The endoplasm is moderately wounded.
You closely miss the quokka. The endoplasm freezes you.
You are frozen.
The quokka barely misses you. The endoplasm closely misses you.
You are too injured to fight recklessly!
There are monsters nearby!
Unknown command.
You are too injured to fight recklessly!
There are monsters nearby!
You are too injured to fight recklessly!
Unknown command.
There are monsters nearby!
You are too injured to fight recklessly!
There are monsters nearby!
You are too injured to fight recklessly!
You are too injured to fight recklessly!
You barely miss the endoplasm.
You squeeze the endoplasm, but do no damage.
The endoplasm is moderately wounded.
You hit the quokka. The quokka bites you.
* * * LOW HITPOINT WARNING * * *
The endoplasm completely misses you. The quokka completely misses you.
You slash the endoplasm!
You kill the endoplasm!
You barely miss the quokka. The quokka bites you.
* * * LOW HITPOINT WARNING * * *
The quokka bites you.
You die...

#.'.⌠.<.⌠.+
#.#.......# #
#.###.⌠.###[##
#...#...# ....
####...#####...#.
#................ ##
#.........#######..#
#......##..........#.
#......######@r.....!
######## #.).......
#......... #.........
#......... #....[....
#......... ##........


You could see a quokka.

Vanquished Creatures
  An endoplasm (D:1)
  A giant cockroach (D:1)
  A goblin (D:1)
  A frilled lizard (D:1)
4 creatures vanquished.

Notes
Turn   | Place    | Note
-------+----------+-------------------------------------------
     0 | D:1      | Kurtz the Octopode Fighter began the quest for the Orb.
     0 | D:1      | Reached XP level 1. HP: 16/16 MP: 1/1
    34 | D:1      | Slain by a quokka

Illustrated notes

Levels and vault maps discovered:
D:1:      dpeg_arrival_simpleton_c, layout_rooms

Action                     || total
---------------------------++-------
  Melee: War axe           ||     5
         Constrict         ||     2
         Tentacles         ||     1
 Armour: Skin              ||     6
  Dodge: Dodged            ||     7

Table legend: (Time is in decaauts)
 A = Elapsed time spent in this place.
 B = Non-inter-level travel time spent in this place.
 C = Inter-level travel time spent in this place.
 D = Time resting spent in this place.
 E = Time spent auto-exploring this place.
 F = Levels seen in this place.
 G = Mean time per level.
                   A        B        C        D        E       F      G
               +--------+--------+--------+--------+--------+-----+--------+
         Total |     35 |     35 |      0 |      0 |     22 |   1 |   35.0 |
       Dungeon |     35 |     35 |      0 |      0 |     22 |   1 |   35.0 |
               +--------+--------+--------+--------+--------+-----+--------+

Top non-repeatable levels by time:
     D:1: 35 daAuts
